 Dungeon Crawl Stone Soup version 0.18-a0-49-gd105b5a (webtiles) character file.

517258 Kolbur the Impaler (level 24, -7/176 (191) HPs)
             Began as a Merfolk Ice Elementalist on Nov 1, 2015.
             Was the Champion of Makhleb.
             Killed from afar by an oklob plant (8 damage)
             ... with a splash of acid
             ... on level 6 of a ziggurat on Nov 7, 2015.
             The game lasted 13:22:52 (28077 turns).

Kolbur the Impaler (Merfolk Ice Elementalist)      Turns: 28077, Time: 13:22:52

HP:   -7/176 (191)  AC: 21    Str: 11    XL:     24   Next: 3%
MP:   33/35         EV: 19    Int: 26    God:    Makhleb [******]
Gold: 200           SH:  0    Dex: 19    Spells: 12 memorised, 7 levels left

rFire  + . .     SeeInvis .     a - +7 glaive (freeze)
rCold  . . .     Clarity  .     K - +5 steam dragon armour
rNeg   . . .     SustAt   .     (shield currently unavailable)
rPois  +         Gourm    .     U - +1 helmet {Int+3}
rElec  .         Spirit   .     O - +1 cloak "Buinon" {Regen+}
rCorr  .         Warding  .     q - +2 pair of gloves
rMut   .         Stasis   .     B - +4 pair of boots of Unyaru {*Confuse rF+ Stlth+}
MR     +....                    s - amulet "Pays" {+Rage Str-4 Int+4 Slay+5}
Stlth  ++++++++..               p - +5 ring of protection
                                P - ring "Lataef" {rPois Int+2 Dex+3 Slay+2}

@: grasped by roots, corroded equipment, drained, very slow, somewhat resistant
to hostile enchantments, extraordinarily stealthy
A: change form in water, swift swim, camouflage 1, screaming 1
a: Minor Destruction, Lesser Servant of Makhleb, Major Destruction, Greater
Servant of Makhleb, Renounce Religion, Evoke Berserk Rage
}: 6/15 runes: barnacled, slimy, silver, golden, abyssal, gossamer


You were on level 6 of a ziggurat.
You worshipped Makhleb.
Makhleb was exalted by your worship.
You were not hungry.

You visited 11 branches of the dungeon, and saw 54 of its levels.
You visited the Abyss 1 time.
You visited 1 ziggurat, and saw 6 of its levels.
You also visited: Labyrinth, Ice Cave and Volcano.

You collected 4782 gold pieces.
You spent 4582 gold pieces at shops.

Inventory:

Hand Weapons
 a - a +7 glaive of freezing (weapon)
 z - a +2 bardiche of venom
Missiles
 o - 10 javelins of returning (quivered)
 S - 2 throwing nets
Armour
 q - a +2 pair of gloves (worn)
 B - the +4 pair of boots of Unyaru (worn) {*Confuse rF+ Stlth+}
   (You found it on level 3 of the Tomb of the Ancients)

   It protects you from fire.
   It may confuse you when you take damage.
   It makes you more stealthy.
 K - a +5 steam dragon armour (worn)
 O - the +1 cloak "Buinon" (worn) {Regen+}
   (You bought it in a shop on level 3 of the Orcish Mines)

   It increases your rate of regeneration.
 U - a +1 helmet of intelligence (worn)
Magical Staves
 e - an uncursed staff of energy
 w - an uncursed staff of wizardry
Rods
 y - a +3 rod of inaccuracy (9/9)
   (You found it on level 3 of the Tomb of the Ancients)
 L - a +0 rod of shadows (13/13)
   (You found it on level 3 of the Crypt)
Jewellery
 f - the ring "Ucveon" {rF++ Int+3 SInv}
   (You bought it in a shop on level 4 of the Vaults)

   [ring of see invisible]

   It affects your intelligence (+3).
   It greatly protects you from fire.
   It lets you see invisible.
 g - the brooch of Shielding {Ward rN+ AC+4 EV+4}
   (You bought it in a shop on level 4 of the Dungeon)

   [amulet of warding]

   It may prevent the melee attacks of summoned creatures.
   It affects your AC (+4).
   It affects your evasion (+4).
   It protects you from negative energy.
 m - the ring "Qompa" {rN+ MR+ Int+4 SInv}
   (You found it on level 3 of the Crypt)

   [ring of positive energy]

   It affects your intelligence (+4).
   It protects you from negative energy.
   It affects your resistance to hostile enchantments.
   It lets you see invisible.
 n - the ring of Isoc {+Blink rN+++ MP+9 Dex-3 Stlth-}
   (You found it on level 3 of the Tomb of the Ancients)

   [ring of loudness]

   It affects your dexterity (-3).
   It renders you almost immune to negative energy.
   It affects your magic capacity (+9).
   It lets you blink.
   It makes you less stealthy.
 p - a +5 ring of protection (right hand)
 r - an uncursed amulet of regeneration
 s - the amulet "Pays" (around neck) {+Rage Str-4 Int+4 Slay+5}
   (You bought it in a shop on level 4 of the Vaults)

   [amulet of rage]

   It affects your strength (-4).
   It affects your intelligence (+4).
   It affects your accuracy and damage with ranged weapons and melee attacks
   (+5).
   It lets you go berserk.
 C - the ring of Zacs {rC+ MP+9 Stlth+}
   (You bought it in a shop on level 4 of the Vaults)

   [ring of stealth]

   It protects you from cold.
   It affects your magic capacity (+9).
   It makes you more stealthy.
 J - the ring "Wunoid" {rElec rN+}
   (You found it on level 3 of the Crypt)

   [ring of positive energy]

   It insulates you from electricity.
   It protects you from negative energy.
 P - the ring "Lataef" (left hand) {rPois Int+2 Dex+3 Slay+2}
   (You bought it in a shop on level 4 of the Vaults)

   [ring of slaying]

   It affects your intelligence (+2).
   It affects your dexterity (+3).
   It affects your accuracy and damage with ranged weapons and melee attacks
   (+2).
   It protects you from poison.
Wands
 l - a wand of fireball (3)
 D - a wand of hasting (2)
 X - a wand of cold (9)
 Y - a wand of teleportation (4)
Scrolls
 j - 13 scrolls of remove curse
 A - 5 scrolls of fear
 H - 6 scrolls of magic mapping
 I - 4 scrolls of immolation
 M - 2 scrolls of fog
 N - 4 scrolls of blinking
 Q - a scroll of recharging
 T - a scroll of amnesia
Potions
 b - a potion of invisibility
 d - a potion of haste
 h - 8 potions of curing
 k - a potion of cancellation
 t - 2 potions of heal wounds
 x - 2 potions of magic
 G - 8 potions of lignification
 W - a potion of agility
 Z - a potion of resistance
Miscellaneous
 u - a fan of gales
 v - an ornate deck of summoning {the Crusade, drawn: 1}
 F - a lamp of fire (inert)
 R - a phial of floods
Comestibles
 c - 17 bread rations
 E - 29 fruits


   Skills:
 - Level 16.0(14.7) Fighting
 + Level 20.1(18.7) Polearms
 - Level 2.0(1.1) Throwing
 + Level 7.1(6.1) Armour
 - Level 20.0(18.6) Dodging
 - Level 15.0(13.7) Stealth
 - Level 8.1(7.0) Spellcasting
 - Level 6.0(4.9) Conjurations
 - Level 8.0(6.9) Charms
 - Level 5.0(3.9) Summonings
 - Level 3.0(2.1) Necromancy
 + Level 5.1(4.1) Translocations
 - Level 15.0(13.7) Ice Magic
 - Level 10.0(8.8) Air Magic
 - Level 3.0(2.1) Poison Magic
 - Level 14.0(12.7) Invocations
 - Level 13.0(11.7) Evocations


You had 7 spell levels left.
You knew the following spells:

 Your Spells              Type           Power        Failure   Level  Hunger
a - Freeze                Ice            ####         1%          1    None
b - Blink                 Tloc           N/A          1%          2    None
c - Condensation Shield   Ice            ######....   1%          4    ###....
f - Freezing Cloud        Conj/Ice/Air   ######....   28%         6    ######.
g - Passage of Golubria   Tloc           N/A          14%         4    ###....
i - Summon Ice Beast      Ice/Summ       ######..     1%          4    ###....
k - Animate Skeleton      Necr           N/A          2%          1    None
o - Ozocubu's Armour      Chrm/Ice       ######..     1%          3    None
p - Cure Poison           Pois           ###.......   4%          2    None
r - Regeneration          Chrm/Necr      ####......   3%          3    None
z - Apportation           Tloc           ####......   1%          1    None
B - Summon Butterflies    Summ           ####....     1%          1    None


Dungeon Overview and Level Annotations

Branches:
Dungeon (15/15)            Temple (1/1) D:5            Lair (8/8) D:10
 Shoals (4/4) Lair:3       Spider (4/4) Lair:4        Slime (6/6) Lair:6
    Orc (4/4) D:9             Elf (0/3) Orc:3        Vaults (5/5) D:13
  Crypt (3/3) Vaults:3       Tomb (3/3) Crypt:3      Depths (1/5) D:15

Altars:
Cheibriados
Dithmenos
Elyvilon
Fedhas
Gozag
Kikubaaqudgha
Makhleb
Nemelex Xobeh
Okawaru
Qazlal
Ru
Sif Muna
Vehumet
Xom
Yredelemnul
The Shining One
Beogh

Shops:
D:4 [=%   D:5 *   Orc:2 %?   Orc:3 [   Orc:4 }:}[*   Vaults:4 =

Annotations:
Lair:7 Nessos
Shoals:2 Frances
Slime:6 PeterLawrence's ghost, veteran MiFi
Tomb:1 exclusion: obsidian statue
Zig:6 exclusion: oklob plant


Innate Abilities, Weirdness & Mutations

You revert to your normal form in water.
You are very nimble and swift while swimming.
Your skin changes colour to match your surroundings (Stealth).
You occasionally shout uncontrollably at your foes.


Message History

The four-headed hydra is engulfed in spectral mist.
The four-headed hydra bites you!
* * * LOW HITPOINT WARNING * * *
The four-headed hydra bites you!
* * * LOW HITPOINT WARNING * * *
The four-headed hydra closely misses you.
The four-headed hydra bites you!
* * * LOW HITPOINT WARNING * * *
The wasp barely misses your fire elemental.
Your Executioner is engulfed in spectral mist.
Your Executioner barely misses the swamp dragon.
Your Executioner hits the swamp dragon.
Your Executioner hits the swamp dragon but does no damage.
The bog body barely misses you. The bog body touches you.
* * * LOW HITPOINT WARNING * * *
The bog body freezes you!
* * * LOW HITPOINT WARNING * * *
The oklob plant spits acid at you. The splash of acid hits you!
You die...

▓▓ ▓▓▓▓.▓▓▓▓
▓▓....§.§▓▓
▓.....§@D.▓▓
......§nt§.▓▓
......§nZ2..▓
......§yD...▓
∩..†.E.1....▓▓
>).P§§.P.§∩..▓
∩..yfPE.....▓▓
....ky......▓
§..........▓


You could see a shambling mangrove, a four-headed hydra, a green death, a swamp
dragon, a ghost crab, an oklob plant, a spectral eight-headed hydra, 2 bog
bodies, a swamp drake, 3 wasps, a friendly Executioner and 2 friendly fire
elementals.

Vanquished Creatures
  the royal jelly (Slime:6)
  3 ancient liches
  Khufu (Crypt:3)
  11 greater mummies
  Boris (Crypt:2)
  2 golden dragons (Vaults:5)
  A pearl dragon (Depths:1)
  A profane servitor (Crypt:3)
  4 liches
  2 tentacled monstrosities (Vaults:5)
  4 titans (Vaults:5)
  13 acid blobs
  4 sphinxes
  2 shadow dragons (Vaults:5)
  2 tentacled starspawn (Abyss:4)
  3 tengu reavers (Vaults:5)
  7 ancient champions
  A revenant (Crypt:3)
  3 frost giants
  Donald (Orc:4)
  An orc warlord (Vaults:5)
  4 azure jellies
  2 fire giants
  Maud (Orc:3)
  7 vault wardens
  Louise (D:15)
  A curse skull (Vaults:3)
  5 emperor scorpions (Spider:4)
  7 ironheart preservers
  2 ghost moths (Spider:4)
  A ghoul (Crypt:3)
  3 war gargoyles (Vaults:5)
  3 very ugly things
  2 vampire knights (Crypt:3)
  3 deep elf demonologists
  10 stone giants
  4 bennus
  A spectral titan (Crypt:3)
  A deep elf annihilator (Vaults:5)
  Azrael (D:15)
  A salamander stormcaller (Vaults:4)
  3 eidola
  3 merfolk javelineers
  3 deep elf death magi
  3 ettins
  2 blizzard demons
  14 mummy priests
  A minotaur (Lab)
  5 merfolk impalers (Shoals:4)
  4 death oozes
  17 vault guards
  6 yaktaur captains
  7 small abominations
  A fire dragon (Lair:8)
  15 jiangshi
  6 great orbs of eyes
  2 deep elf high priests (Vaults:5)
  Fannar (Orc:2)
  Harold (Orc:1)
  A hydra (Lair:7)
  A catoblepas (Lair:8)
  2 merfolk aquamancers (Shoals:4)
  3 centaur warriors
  Erica (D:9)
  5 death knights
  A dancing weapon (D:13)
  4 ogre magi
  An alligator snapping turtle (Shoals:4)
  9 death yaks
  10 thrashing horrors
  2 satyrs
  2 vampire magi
  A storm dragon zombie (Tomb:2)
  Sonja (D:15)
  3 orc high priests (Orc:4)
  A wretched star (Abyss:4)
  4 shadow wraiths
  4 spatial maelstroms
  37 skeletal warriors
  A fire crab (Vaults:3)
  3 sea snakes
  5 flayed ghosts
  34 death scarabs
  2 giant orange brains
  3 deep trolls
  An unseen horror (D:14)
  3 hill giants
  The ghost of Mygna the Slicer, a novice HaAs of Dithmenos (D:8)
  An anaconda skeleton (Crypt:3)
  2 orc sorcerers
  A shadow dragon zombie (D:15)
  2 deep elf conjurers
  A wizard (Vaults:3)
  11 orc knights
  A harpy (Shoals:4)
  3 necromancers
  26 anubis guards
  A lindwurm (shapeshifter) (Vaults:5)
  The ghost of axujen the Cleaver, a novice HOSk (D:4)
  2 frost giant zombies
  7 ironbrand convokers
  8 ugly things
  3 large abominations
  3 wolf spiders
  8 orb spiders
  2 stone giant zombies
  2 water nymphs
  5 shining eyes
  8 griffons
  3 cyclopes
  2 sirens
  An oklob plant (Zig:6)
  A lindwurm (Lair:8)
  7 manticores
  5 phantasmal warriors
  5 hornets
  A shadow dragon skeleton (Tomb:2)
  11 elephants
  3 black mambas
  2 smoke demons (Abyss:4)
  A worldbinder (Abyss:4)
  A frost giant skeleton (Abyss:4)
  2 stone giant skeletons
  3 vault sentinels
  An apocalypse crab (Abyss:4)
  10 fauns
  An eye of devastation (Slime:4)
  A titan simulacrum (Crypt:3)
  An ice statue (IceCv)
  A black mamba (shapeshifter) (Vaults:1)
  A gargoyle (D:13)
  3 centaur skeletons
  9 spiny frogs
  A spiny frog (shapeshifter) (Vaults:5)
  A dire elephant skeleton (Tomb:2)
  13 yaktaurs
  2 fire drakes
  A harpy zombie (Crypt:2)
  7 deep elf priests
  42 guardian mummies
  6 komodo dragons
  A hydra zombie (Crypt:2)
  10 jumping spiders
  3 demonic crawlers (Spider:4)
  10 freezing wraiths
  A queen bee (D:14)
  5 trolls
  2 efreet
  7 merfolk
  A tengu conjurer (Depths:1)
  7 two-headed ogres
  A queen bee (shapeshifter) (Vaults:5)
  14 polar bears (IceCv)
  A jumping spider zombie (Crypt:2)
  13 blink frogs
  A wolf spider simulacrum (D:15)
  A hornet zombie (D:15)
  A boulder beetle (Vaults:5)
  15 ushabtiu
  An ettin zombie (Vaults:1)
  95 slime creatures
  5 raiju (Abyss:4)
  A blink frog (shapeshifter) (D:12)
  A ynoxinul (Abyss:4)
  A black mamba zombie (Tomb:3)
  4 tarantellas
  5 shadows
  3 starcursed masses (Abyss:4)
  46 flying skulls
  4 wraiths
  7 redbacks
  An ice dragon skeleton (D:15)
  8 trapdoor spiders
  2 water elementals
  A hungry ghost (D:13)
  A vampire (Crypt:2)
  2 chaos spawn (Abyss:4)
  3 golden eyes
  11 deep elf fighters
  52 yaks
  A mottled dragon (D:11)
  7 wargs
  A wind drake skeleton (Crypt:2)
  5 basilisks
  4 deep elf magi
  2 wyverns
  6 fire elementals (D:15)
  8 hippogriffs
  7 water moccasins
  A vampire mosquito (Zig:6)
  A neqoxec (Abyss:4)
  2 steam dragons (Lair:8)
  25 wolves
  A golden eye (shapeshifter) (Vaults:3)
  14 porcupines
  A warg (shapeshifter) (Vaults:5)
  5 eyes of draining
  3 ice beasts
  2 phantoms
  4 necrophages (Crypt:3)
  3 hell hounds
  20 spiders
  16 ogres
  2 wasps (Spider:4)
  13 centaurs
  6 crocodiles
  25 orc warriors
  A wasp (shapeshifter) (Vaults:5)
  A big kobold (D:14)
  A yaktaur zombie (Vaults:1)
  10 giant frogs
  An earth elemental (Zig:4)
  A scorpion (shapeshifter) (Vaults:5)
  A scorpion (D:9)
  9 wights
  26 killer bees
  5 crimson imps
  3 centaur zombies
  4 electric eels
  A quasit (Abyss:4)
  A giant frog zombie (D:12)
  3 hounds
  A human simulacrum (Vaults:1)
  4 lava snakes (Volcano)
  22 jellies
  A gnoll shaman (D:5)
  19 orc priests
  18 orc wizards
  A giant frog skeleton (D:8)
  8 iguanas
  4 worker ants
  12 sheep
  A demigod skeleton (Crypt:2)
  2 hound skeletons
  29 mummies
  10 gnolls
  A worker ant zombie (D:8)
  2 river rats
  9 adders
  3 shadow imps
  2 adder skeletons
  A worm (D:4)
  147 orcs
  A bat (D:2)
  3 giant cockroaches
  3 hobgoblins (D:1)
  4 jackals
  A quokka (D:11)
  2 ball pythons
  2 giant geckos
  2 giant newts
  6 goblins
  4 kobolds
  4 rats
  A lost soul (Crypt:3)
  2 plants
  2 starspawn tentacles (Abyss:4)
1550 creatures vanquished.

Vanquished Creatures (collateral kills)
  An ancient lich (Tomb:1)
  A greater mummy (Tomb:2)
  Norris (Depths:1)
  A golden dragon (Vaults:5)
  A bone dragon (Crypt:3)
  A lich (Vaults:2)
  A tentacled monstrosity (Vaults:5)
  3 sphinxes (Tomb:1)
  A shadow dragon (Vaults:5)
  A curse skull (Crypt:3)
  A vault warden (Vaults:4)
  A war gargoyle (Vaults:4)
  2 very ugly things (Vaults:4)
  A yaktaur captain (Vaults:4)
  An ettin (Vaults:5)
  A mummy priest (Tomb:2)
  2 deep elf death magi (Crypt:2)
  A jiangshi (Crypt:3)
  4 vault guards (Vaults:5)
  3 hydras
  A death knight (Crypt:3)
  2 centaur warriors
  A death yak (IceCv)
  3 skeletal warriors
  An anubis guard (Tomb:2)
  An ugly thing (Vaults:2)
  3 orc knights
  2 orb spiders (Spider:4)
  4 oklob plants (Zig:6)
  2 orc sorcerers (Orc:4)
  A cyclops (D:13)
  A spiny frog (Lair:3)
  2 yaktaurs
  A guardian mummy (Tomb:1)
  A deep elf priest (Volcano)
  2 freezing wraiths
  4 slime creatures
  2 ushabtiu (Tomb:1)
  4 blink frogs
  2 redbacks (Vaults:5)
  2 flying skulls (Crypt:3)
  3 yaks
  A wolf (Orc:2)
  2 basilisks (Lair:8)
  A steam dragon (Lair:8)
  5 golden eyes
  A soldier ant (shapeshifter) (Vaults:4)
  A swamp drake (Lair:8)
  A water moccasin (Lair:7)
  An eye of draining (D:13)
  A centaur (D:12)
  2 orc warriors
  3 ogres
  A killer bee (D:14)
  2 electric eels (D:11)
  A jelly (Slime:2)
  2 orc priests (Orc:4)
  3 orc wizards
  A human skeleton (Crypt:2)
  2 sheep
  6 mummies
  A worker ant zombie (D:11)
  13 orcs
  A goblin (Orc:2)
  2 kobolds (D:14)
128 creatures vanquished.

Vanquished Creatures (others)
  A titan (Vaults:5)
  An eldritch tentacle (Tomb:2)
  A shadow dragon (Vaults:5)
  An ancient champion (Tomb:2)
  A hydra (Zig:6)
  A shadow wraith (Vaults:4)
  9 death scarabs (Tomb:2)
  An anaconda zombie (Crypt:3)
  An ugly thing (Vaults:4)
  A fire drake (Lair:8)
  An ushabti (Tomb:2)
  A large abomination (Abyss:4)
  9 flying skulls
  A wasp (Zig:6)
  An ogre (Vaults:2)
  A small abomination (Zig:4)
  An orc wizard (Orc:1)
  5 mummies (Tomb:2)
  A giant gecko (D:11)
  A kobold (D:14)
  99 eldritch tentacle segments (Tomb:2)
  A fire vortex (Abyss:4)
  2 fungi
  3 lost souls
  12 plants
  2 starspawn tentacles (Abyss:4)
159 creatures vanquished.

Grand Total: 1837 creatures vanquished

Notes
Turn   | Place    | Note
--------------------------------------------------------------
     0 | D:1      | Kolbur the Merfolk Ice Elementalist began the quest for the Orb.
     0 | D:1      | Reached XP level 1. HP: 13/13 MP: 3/3
   139 | D:1      | Reached XP level 2. HP: 10/19 MP: 1/5
   177 | D:1      | Reached skill level 4 in Ice Magic
   260 | D:3      | Found a basalt altar of Yredelemnul.
   321 | D:1      | Reached XP level 3. HP: 10/24 MP: 4/6
   461 | D:3      | Found a blossoming altar of Fedhas.
   480 | D:5      | Entered Level 5 of the Dungeon
   481 | D:5      | Noticed a phantom
   566 | D:4      | Found a glowing golden altar of the Shining One.
   664 | D:4      | Got a jewelled hunting sling
   665 | D:4      | Identified the cursed +1 hunting sling "Meukkom" {freeze, *Confuse rN+ MR- Dex+10} (You found it on level 4 of the Dungeon)
   759 | D:4      | Found Geuch's Antique Armour Boutique.
   762 | D:4      | Bought a runed leather armour for 34 gold pieces
   776 | D:4      | Learned a level 3 spell: Ozocubu's Armour
   786 | D:4      | Found Atiomnav's Food Shop.
   788 | D:4      | Found Luovviu's Jewellery Shoppe.
   827 | D:4      | Reached skill level 5 in Ice Magic
   828 | D:4      | Noticed axujen's ghost (novice HOSk)
   854 | D:4      | Reached skill level 1 in Charms
   854 | D:4      | Reached XP level 4. HP: 22/30 MP: 3/7
  1064 | D:5      | Reached XP level 5. HP: 33/35 MP: 5/8
  1124 | D:5      | Found Icaoc's Serpentskin Sales.
  1125 | D:5      | Noticed a water moccasin
  1138 | D:5      | Killed a water moccasin
  1138 | D:5      | Reached skill level 6 in Ice Magic
  1138 | D:5      | Reached XP level 6. HP: 24/41 MP: 1/9
  1142 | D:5      | Bought 2 curare-tipped needles for 13 gold pieces
  1142 | D:5      | Bought a +0 blowgun for 27 gold pieces
  1348 | D:5      | Reached skill level 1 in Fighting
  1473 | D:4      | Reached XP level 7. HP: 31/51 MP: 4/10
  1697 | D:4      | Killed axujen's ghost
  1697 | D:4      | Reached XP level 8. HP: 29/61 MP: 0/11
  1746 | D:4      | Learned a level 4 spell: Condensation Shield
  1749 | D:5      | Found a staircase to the Ecumenical Temple.
  1765 | Temple   | Entered the Ecumenical Temple
  1778 | Temple   | Became a worshipper of Makhleb the Destroyer
  1866 | D:5      | Reached skill level 5 in Fighting
  1956 | D:6      | Found a shimmering altar of Xom.
  1976 | D:6      | Reached skill level 1 in Polearms
  1976 | D:6      | Reached skill level 7 in Dodging
  2043 | D:8      | Found a stormy altar of Qazlal.
  2163 | D:8      | Found a deep blue altar of Sif Muna.
  2263 | D:8      | Reached * piety under Makhleb
  2271 | D:8      | Noticed Mygna's ghost (novice HaAs)
  2273 | D:8      | Reached skill level 5 in Polearms
  2364 | D:8      | Killed Mygna's ghost
  2364 | D:8      | Reached skill level 9 in Polearms
  2364 | D:8      | Reached XP level 9. HP: 25/68 MP: 0/12
  2484 | D:8      | Reached skill level 10 in Polearms
  2593 | D:8      | Reached skill level 11 in Polearms
  2608 | D:9      | Noticed Erica
  2709 | D:10     | Entered Level 10 of the Dungeon
  2752 | D:9      | Reached skill level 12 in Polearms
  2815 | D:9      | Reached skill level 13 in Polearms
  2894 | D:9      | Found a staircase to the Orcish Mines.
  2900 | D:9      | Reached ** piety under Makhleb
  2967 | D:9      | Killed Erica
  2967 | D:9      | Reached skill level 14 in Polearms
  2967 | D:9      | Reached XP level 10. HP: 52/74 MP: 7/13
  2973 | D:9      | Learned a level 4 spell: Summon Ice Beast
  3043 | Orc:1    | Entered Level 1 of the Orcish Mines
  3064 | Orc:1    | Noticed an orc knight
  3191 | D:10     | Found a staircase to the Lair.
  3261 | D:9      | Found a sacrificial altar of Ru.
  3277 | D:9      | Reached skill level 1 in Summonings
  3489 | D:11     | Reached skill level 15 in Polearms
  3539 | D:11     | Found a frozen archway.
  3550 | IceCv    | Entered an ice cave
  3861 | IceCv    | Reached *** piety under Makhleb
  3896 | IceCv    | Reached skill level 5 in Summonings
  3985 | IceCv    | Reached skill level 16 in Polearms
  3985 | IceCv    | Reached XP level 11. HP: 69/79 MP: 9/14
  4339 | IceCv    | Noticed a death yak
  4358 | IceCv    | Killed a death yak
  4764 | IceCv    | Reached skill level 1 in Invocations
  4800 | IceCv    | Noticed a death yak
  4800 | IceCv    | Noticed a death yak
  4856 | IceCv    | Reached **** piety under Makhleb
  4868 | IceCv    | Killed a death yak
  4926 | IceCv    | Killed a death yak
  5003 | IceCv    | Noticed a frost giant
  5105 | IceCv    | Reached XP level 12. HP: 91/91 MP: 18/18
  5334 | IceCv    | Killed a frost giant
  5334 | IceCv    | Reached skill level 10 in Dodging
  5336 | IceCv    | Got a shimmering battleaxe {venom}
  5357 | IceCv    | Identified the +8 battleaxe "Kuteagav" {venom, Int+4} (You took it off a frost giant in an ice cave)
  5390 | IceCv    | Got an ichor-stained robe
  5410 | IceCv    | Identified the +1 robe "Xusekh" {*Contam rC++ rN+ Regen+} (You found it in an ice cave)
  5535 | D:12     | Found a blossoming altar of Fedhas.
  5726 | D:12     | Reached ***** piety under Makhleb
  5737 | D:12     | Reached skill level 17 in Polearms
  6303 | D:13     | Noticed a six-headed hydra
  6311 | D:13     | Killed a six-headed hydra
  6311 | D:13     | Reached skill level 18 in Polearms
  6462 | D:14     | Noticed a centaur warrior
  6465 | D:14     | Noticed a centaur warrior
  6522 | D:13     | Reached skill level 5 in Invocations
  6747 | D:14     | Reached XP level 13. HP: 101/101 MP: 19/19
  6827 | D:14     | Reached skill level 19 in Polearms
  7013 | D:14     | Found a labyrinth entrance.
  7034 | Lab      | Entered a labyrinth
  7288 | Lab      | Noticed a minotaur
  7320 | Lab      | Killed a minotaur
  7545 | D:15     | Entered Level 15 of the Dungeon
  7572 | D:15     | Found an opulent altar of Gozag.
  7682 | D:14     | Reached ****** piety under Makhleb
  7798 | D:15     | Noticed Louise
  7905 | D:13     | Found a gate to the Vaults.
  7969 | D:11     | Reached skill level 20 in Polearms
  8172 | D:9      | Upgraded the game from 0.18-a0-19-g8b99b3a to 0.18-a0-23-g19353e1
  8420 | Orc:2    | Found Ocomiq's Magic Scroll Shop.
  8424 | Orc:2    | Bought a scroll of enchant weapon for 90 gold pieces
  8424 | Orc:2    | Bought a scroll of fog for 24 gold pieces
  8531 | Orc:2    | Noticed Maud
  8547 | Orc:4    | Entered Level 4 of the Orcish Mines
  8637 | Orc:4    | Found Qaemydgh's Gadget Boutique.
  8691 | Orc:3    | Found Gycwess's Armour Shop.
  8723 | Orc:3    | Bought the +1 cloak "Buinon" {Regen+} for 264 gold pieces
  8745 | Orc:3    | Found a staircase to the Elven Halls.
  8873 | Orc:2    | Noticed Fannar
  8898 | Orc:2    | Killed Fannar
  8954 | Orc:2    | Found Bahouss's Food Shoppe.
  9101 | Orc:1    | Noticed Harold
  9182 | Orc:1    | Killed Harold
  9401 | Orc:4    | Found a radiant altar of Vehumet.
  9486 | Orc:4    | Noticed Donald
  9535 | Orc:4    | Killed Donald
  9535 | Orc:4    | Reached skill level 10 in Fighting
  9635 | Orc:4    | Reached XP level 14. HP: 108/110 MP: 4/20
  9695 | Orc:4    | Found Ocaakes's Armour Shop.
  9695 | Orc:4    | Found Awos's Assorted Antiques.
  9697 | Orc:4    | Found Ofoitoiz's Gadget Shoppe.
  9697 | Orc:4    | Found Bekempag's Book Shop.
  9703 | Orc:4    | Bought a scroll labeled ESIETOSARE for 25 gold pieces
  9708 | Orc:4    | Bought a +2 helmet for 198 gold pieces
  9717 | Orc:4    | Bought a book of Necromancy for 390 gold pieces
  9721 | Orc:4    | Learned a level 3 spell: Regeneration
  9723 | Orc:4    | Learned a level 1 spell: Animate Skeleton
  9763 | Orc:4    | Found a roughly hewn altar of Beogh.
  9998 | Orc:3    | Killed Maud
  9998 | Orc:3    | Reached skill level 1 in Necromancy
 10197 | D:4      | Bought the brooch of Shielding {Ward rN+ AC+4 EV+4} for 611 gold pieces
 10363 | Lair:1   | Entered Level 1 of the Lair of Beasts
 10442 | Lair:1   | Found a dark tunnel.
 10455 | Volcano  | Entered a volcano
 10544 | Volcano  | Found a burning altar of Makhleb.
 10591 | Lair:1   | Got an ancient chain mail
 10654 | Lair:1   | Identified the +4 chain mail "Xuyrhuog" {rN+ SInv} (You found it on level 1 of the Lair of Beasts)
 10732 | Lair:1   | Reached skill level 5 in Charms
 10986 | Lair:3   | Found a staircase to the Shoals.
 11206 | Lair:4   | Found a hole to the Spider Nest.
 11531 | Lair:7   | Reached skill level 5 in Spellcasting
 11582 | Lair:8   | Entered Level 8 of the Lair of Beasts
 12033 | Lair:8   | Reached skill level 1 in Evocations
 12052 | Lair:8   | Reached skill level 10 in Invocations
 12058 | Lair:8   | Reached XP level 15. HP: 119/119 MP: 1/24
 12491 | Lair:7   | Noticed Nessos
 12742 | Lair:3   | Upgraded the game from 0.18-a0-23-g19353e1 to 0.18-a0-24-g6e14259
 12744 | Shoals:1 | Entered Level 1 of the Shoals
 12770 | Lair:3   | Reached skill level 5 in Evocations
 12879 | Shoals:1 | Gained mutation: You have a somewhat thin skeletal structure (Dex +2, Stealth). [potion of beneficial mutation]
 12959 | Shoals:2 | Noticed Frances
 13084 | Shoals:4 | Entered Level 4 of the Shoals
 13241 | Shoals:4 | Got a steaming ring mail
 13270 | Shoals:4 | Reached skill level 5 in Stealth
 13340 | Shoals:4 | Got a barnacled rune of Zot
 13373 | Shoals:4 | Reached skill level 1 in Throwing
 13404 | Shoals:4 | Reached XP level 16. HP: 129/129 MP: 17/25
 13412 | Shoals:4 | Learned a level 6 spell: Freezing Cloud
 13550 | Spider:1 | Entered Level 1 of the Spider Nest
 13647 | Spider:3 | Reached skill level 1 in Air Magic
 13682 | Spider:4 | Entered Level 4 of the Spider Nest
 13690 | Spider:4 | Reached skill level 1 in Conjurations
 14350 | Spider:4 | Got a gossamer rune of Zot
 14562 | Spider:1 | Reached skill level 5 in Air Magic
 14621 | Lair:6   | Found a staircase to the Slime Pits.
 14631 | Slime:1  | Entered Level 1 of the Pits of Slime
 14637 | Slime:1  | Gained mutation: You occasionally shout uncontrollably at your foes. [a shining eye]
 14655 | Slime:1  | Noticed an acid blob
 14671 | Slime:1  | Killed an acid blob
 14671 | Slime:1  | Reached skill level 10 in Ice Magic
 14735 | Slime:2  | Noticed an acid blob
 14746 | Slime:2  | Killed an acid blob
 14826 | Slime:4  | Noticed an acid blob
 14862 | Slime:4  | Killed an acid blob
 14863 | Slime:4  | Noticed an acid blob
 14869 | Slime:4  | Killed an acid blob
 14913 | Slime:4  | Noticed an acid blob
 14922 | Slime:4  | Killed an acid blob
 15153 | Slime:2  | Noticed an acid blob
 15164 | Slime:3  | Reached XP level 17. HP: 135/135 MP: 21/28
 15393 | Slime:6  | Entered Level 6 of the Pits of Slime
 15408 | Slime:6  | Gained mutation: Your spells are a little easier to cast, but a little less powerful. [a shining eye]
 15540 | Slime:6  | Noticed the royal jelly
 15555 | Slime:6  | Killed the royal jelly
 15599 | Slime:6  | Noticed PeterLawrence's ghost (veteran MiFi)
 15600 | Slime:6  | Got a slimy rune of Zot
 15775 | Slime:5  | Gained mutation: You tend to lose your temper in combat. [a shining eye]
 15927 | Slime:6  | Paralysed by a great orb of eyes for 5 turns
 16048 | Slime:6  | Got an amber-encrusted ring mail
 16299 | Lair:6   | Identified the +3 ring mail of the Suburbs {+Blink rC- rN++ Str+3} (You found it on level 4 of the Shoals)
 16309 | Lair:6   | Identified the +4 ring mail "Kippo" {rElec rC+ Str-4 Dex+7} (You found it on level 6 of the Pits of Slime)
 16420 | D:10     | Upgraded the game from 0.18-a0-24-g6e14259 to 0.18-a0-29-gce27f3c
 16436 | D:10     | Learned a level 1 spell: Apportation
 16438 | D:10     | Learned a level 1 spell: Summon Butterflies
 16540 | D:4      | Bought an uncursed ring of protection from magic for 275 gold pieces
 16736 | Vaults:1 | Entered Level 1 of the Vaults
 16769 | Vaults:1 | Reached XP level 18. HP: 143/143 MP: 30/30
 16877 | Vaults:1 | Reached skill level 15 in Dodging
 16979 | Vaults:2 | Noticed a lich
 16984 | Vaults:2 | Killed a lich
 17173 | Vaults:3 | Lost mutation: You occasionally shout uncontrollably at your foes. [potion of cure mutation]
 17173 | Vaults:3 | Lost mutation: You tend to lose your temper in combat. [potion of cure mutation]
 17173 | Vaults:3 | Lost mutation: You have a somewhat thin skeletal structure (Dex +2, Stealth). [potion of cure mutation]
 17173 | Vaults:3 | Lost mutation: Your spells are a little easier to cast, but a little less powerful. [potion of cure mutation]
 17208 | Vaults:3 | Found a staircase to the Crypt.
 17421 | Vaults:4 | Reached skill level 5 in Conjurations
 17781 | Vaults:4 | Found Ywneimu's Jewellery Emporium.
 18315 | Vaults:5 | Entered Level 5 of the Vaults
 18369 | Vaults:4 | Reached skill level 1 in Translocations
 18419 | Vaults:5 | Reached XP level 19. HP: 149/149 MP: 31/31
 18496 | Vaults:5 | Noticed a golden dragon
 18532 | Vaults:5 | Killed a golden dragon
 18928 | Vaults:5 | Noticed a golden dragon
 18945 | Vaults:5 | Noticed a golden dragon
 18949 | Vaults:5 | Killed a golden dragon
 18949 | Vaults:5 | Reached skill level 10 in Stealth
 19123 | Vaults:5 | Killed a golden dragon
 19123 | Vaults:5 | Reached skill level 10 in Evocations
 19203 | Vaults:5 | Reached XP level 20. HP: 141/159 MP: 19/32
 19222 | Vaults:5 | Noticed an ancient lich
 19267 | Vaults:5 | Killed an ancient lich
 19361 | Vaults:5 | Got a dazzling ring mail
 19869 | Vaults:5 | Got a silver rune of Zot
 20067 | Vaults:4 | Identified the +0 ring mail of Dogma {rPois} (You found it on level 5 of the Vaults)
 20138 | Vaults:4 | Upgraded the game from 0.18-a0-29-gce27f3c to 0.18-a0-33-g9e10395
 20178 | Crypt:1  | Entered Level 1 of the Crypt
 20180 | Crypt:1  | Reached skill level 10 in Air Magic
 20468 | Crypt:2  | Noticed Boris
 20493 | Crypt:2  | Killed Boris
 20510 | Crypt:2  | Noticed a bone dragon
 20710 | Crypt:3  | Entered Level 3 of the Crypt
 20920 | Crypt:3  | Found a basalt altar of Yredelemnul.
 21003 | Crypt:3  | Reached XP level 21. HP: 165/165 MP: 33/33
 21173 | Crypt:3  | Noticed Khufu
 21301 | Crypt:3  | Noticed a greater mummy
 21383 | Crypt:3  | Killed Khufu
 21404 | Crypt:3  | Killed a greater mummy
 21558 | Crypt:3  | Identified a +0 rod of shadows (13/13) (You found it on level 3 of the Crypt)
 21946 | Crypt:3  | Reached skill level 15 in Fighting
 21967 | Crypt:3  | Got a coiled copper ring
 21971 | Crypt:3  | Identified the ring "Wunoid" {rElec rN+} (You found it on level 3 of the Crypt)
 21997 | Crypt:3  | Got a flickering bone ring
 21998 | Crypt:3  | Identified the ring "Qompa" {rN+ MR+ Int+4 SInv} (You found it on level 3 of the Crypt)
 22410 | Crypt:3  | Found a staircase to the Tomb.
 22516 | Tomb:1   | Entered Level 1 of the Tomb of the Ancients
 22779 | Tomb:1   | Reached XP level 22. HP: 125/173 MP: 17/34
 22790 | Tomb:1   | Noticed an ancient lich
 22841 | Tomb:1   | Killed an ancient lich
 23136 | Tomb:1   | Upgraded the game from 0.18-a0-33-g9e10395 to 0.18-a0-49-gd105b5a
 23142 | Tomb:2   | Noticed a greater mummy
 23142 | Tomb:2   | Noticed a greater mummy
 23142 | Tomb:2   | Noticed a greater mummy
 23187 | Tomb:2   | Noticed a greater mummy
 23561 | Tomb:1   | Killed a greater mummy
 23655 | Tomb:1   | Killed a greater mummy
 23655 | Tomb:1   | Reached skill level 15 in Ice Magic
 23823 | Tomb:1   | Killed a greater mummy
 23991 | Tomb:1   | Killed a greater mummy
 24275 | Tomb:3   | Entered Level 3 of the Tomb of the Ancients
 24418 | Tomb:2   | Reached skill level 1 in Armour
 24730 | Tomb:3   | Noticed a greater mummy
 24751 | Tomb:3   | Noticed an ancient lich
 24765 | Tomb:2   | Cast into the Abyss (a lich)
 24809 | Abyss:2  | Found a corrupted altar of Lugonu.
 24817 | Abyss:3  | Found a corrupted altar of Lugonu.
 24868 | Abyss:3  | Got a crude leather armour
 25161 | Abyss:4  | Found a corrupted altar of Lugonu.
 25296 | Abyss:4  | Got an abyssal rune of Zot
 25375 | Abyss:4  | Gained mutation: Your body sometimes deteriorates upon taking damage. [a neqoxec]
 25380 | Abyss:4  | Gained mutation: You tend to lose your temper in combat. [a neqoxec]
 25396 | Tomb:2   | Escaped the Abyss
 25446 | Tomb:2   | Lost mutation: Your body sometimes deteriorates upon taking damage. [potion of cure mutation]
 25446 | Tomb:2   | Lost mutation: You tend to lose your temper in combat. [potion of cure mutation]
 25490 | Tomb:2   | Reached XP level 23. HP: 141/171 MP: 35/35
 25530 | Tomb:2   | Identified the cursed +1 leather armour "Heshroshei" {Dex+2 SInv Stlth+} (You found it on level 3 of the Abyss)
 25575 | Tomb:2   | Killed a greater mummy
 25885 | Tomb:3   | Noticed a greater mummy
 25885 | Tomb:3   | Noticed a greater mummy
 25957 | Tomb:3   | Noticed a greater mummy
 26007 | Tomb:3   | Noticed an ancient lich
 26008 | Tomb:3   | Noticed a greater mummy
 26023 | Tomb:2   | Killed a greater mummy
 26023 | Tomb:2   | Reached skill level 5 in Armour
 26023 | Tomb:2   | Reached skill level 15 in Stealth
 26055 | Tomb:2   | Killed a greater mummy
 26212 | Tomb:3   | Gained mutation: You occasionally shout uncontrollably at your foes. [a cacodemon]
 26232 | Tomb:3   | Gained mutation: Your skin changes colour to match your surroundings (Stealth). [a cacodemon]
 26268 | Tomb:2   | Killed an ancient lich
 26281 | Tomb:2   | Killed a greater mummy
 26398 | Tomb:2   | Killed an ancient lich
 26503 | Tomb:2   | Killed a greater mummy
 26521 | Tomb:3   | Noticed a greater mummy
 26589 | Tomb:2   | Killed a greater mummy
 26684 | Tomb:3   | Noticed a greater mummy
 26705 | Tomb:3   | Killed a greater mummy
 26748 | Tomb:3   | Got a golden rune of Zot
 26854 | Tomb:3   | Got a pair of smoking boots
 26865 | Tomb:3   | Identified the +4 pair of boots of Unyaru {*Confuse rF+ Stlth+} (You found it on level 3 of the Tomb of the Ancients)
 26866 | Tomb:3   | Identified the Papyrus of Destructive Feathers (You found it on level 3 of the Tomb of the Ancients)
 26868 | Tomb:3   | Identified the Incunabulum of Hurtful Clay (You found it on level 3 of the Tomb of the Ancients)
 26870 | Tomb:3   | Identified Errirgh's Tome of Poisoning and Moulding (You found it on level 3 of the Tomb of the Ancients)
 26876 | Tomb:3   | Learned a level 2 spell: Blink
 26881 | Tomb:3   | Learned a level 4 spell: Passage of Golubria
 26882 | Tomb:3   | Got a bound marble ring
 26884 | Tomb:3   | Identified the ring of Sif Muna's Hope {+Inv rN+ SInv} (You found it on level 3 of the Tomb of the Ancients)
 26887 | Tomb:3   | Got a flickering brass ring
 26888 | Tomb:3   | Identified the ring of Isoc {+Blink rN+++ MP+9 Dex-3 Stlth-} (You found it on level 3 of the Tomb of the Ancients)
 26894 | Tomb:3   | Identified a +3 rod of inaccuracy (9/9) (You found it on level 3 of the Tomb of the Ancients)
 26896 | Tomb:3   | Got a citrine-encrusted ring mail
 26907 | Tomb:3   | Identified the +0 ring mail "Oseoxoil" {rN+ Str+5} (You found it on level 3 of the Tomb of the Ancients)
 26954 | Tomb:3   | Learned a level 2 spell: Cure Poison
 27242 | Vaults:4 | Bought the ring of Zacs {rC+ MP+9 Stlth+} for 441 gold pieces
 27242 | Vaults:4 | Bought the amulet "Pays" {+Rage Str-4 Int+4 Slay+5} for 952 gold pieces
 27242 | Vaults:4 | Bought the ring "Ucveon" {rF++ Int+3 SInv} for 641 gold pieces
 27251 | Vaults:4 | Bought the ring "Lataef" {rPois Int+2 Dex+3 Slay+2} for 597 gold pieces
 27449 | D:15     | Reached skill level 1 in Poison Magic
 27470 | D:15     | Noticed Azrael
 27473 | D:15     | Noticed Sonja
 27486 | D:15     | Killed Azrael
 27495 | D:15     | Killed Sonja
 27550 | D:15     | Killed Louise
 27609 | D:15     | Found a staircase to the Depths.
 27671 | Depths:1 | Entered Level 1 of the Depths
 27841 | Depths:1 | Found a gateway to a ziggurat.
 27844 | Depths:1 | Noticed Norris
 27858 | Depths:1 | Killed Norris
 27883 | Zig:1    | Entered Level 1 of a ziggurat
 27893 | Zig:2    | Entered Level 2 of a ziggurat
 27914 | Zig:3    | Entered Level 3 of a ziggurat
 27945 | Zig:4    | Entered Level 4 of a ziggurat
 28008 | Zig:5    | Entered Level 5 of a ziggurat
 28035 | Zig:5    | Reached skill level 5 in Translocations
 28035 | Zig:5    | Reached XP level 24. HP: 167/167 MP: 33/35
 28052 | Zig:5    | Got a pitted iron ring
 28053 | Zig:5    | Identified the ring "Xiecw" {rPois rN+ Int+3 Dex-2} (You found it on level 5 of a ziggurat)
 28062 | Zig:6    | Entered Level 6 of a ziggurat
 28077 | Zig:6    | HP: 1/176 [bog body (9)]
 28077 | Zig:6    | Killed from afar by an oklob plant

Vault maps used:
D:1:      mrwooster_arrival_statue
D:2:      dk_noncrumbling_3, kennysheep_flooded_box, minmay_shallow_snake_nest
D:3:      overflow_temple_1_default, fedhas_altar_2, first_bread, uniq_jessica,
          uniq_grinder
D:4:      marbit_many_paths, serial_shops, nicolae_shop_waterfront,
          nicolae_shop_window_shopping, shop_statue, patterned_corridor
D:5:      minmay_temple_entry_crystal_x, eino_small_chamber_without_monster,
          minivault_27, guppyfry_shop_venom, uniq_pikel
D:6:      kennysheep_mini, hangedman_decor_peaks_small
D:7:      uniq_prince_ribbit1, uniq_menkaure
D:8:      grunt_qazlal_sundering, lemuel_round_altar
D:9:      nicolae_ru_sacrificial_ziggurat, uniq_erica
D:10:     lair_0_dummy
D:11:     portal_ice_cave_entry_pillars_01
D:12:     hangedman_tree_tricks
D:13:     erik_vaults_1, kennysheep_opposing_triangles
D:14:     special_room, enter_bailey_7, lab_entry_generic
D:15:     gammafunk_depths_entry_grave,
          nicolae_gozag_cash_rules_everything_around_me, uniq_louise,
          uniq_azrael, uniq_sonja
Temple:   circular_temple_12
Lair:1:   nicolae_volcano_entry_two_sided, beast_lair_carwin_1, uniq_nergalle
Lair:2:   wad_woods_06, grunt_megastairs_3
Lair:3:   minmay_shoals_entry_centaurs, minivault_23,
          cheibrodos_lair_caveside_slide, serial_bayou_lagoon_a,
          infiniplex_staircase_pool
Lair:4:   dummy_spider_entry
Lair:5:   infiniplex_staircase_pool_2, uniq_rupert
Lair:6:   slime_dummy, st_stairs_11, serial_bayou_lake_a, serial_bayou_shore_b,
          grunt_megastairs_5
Lair:7:   uniq_nessos
Lair:8:   guppyfry_lair_end_dragon, hangedman_lair_in_review, lemuel_fruit_tree
Shoals:2: uniq_frances
Shoals:3: uniq_polyphemus
Shoals:4: shoals_end_simple, shoals_ilsuiw_ice, nicolae_shoals_circle_sea_wall
Spider:1: spiders_nest_a, hangedman_spider_tarantella_strand
Spider:3: spider_trap
Spider:4: spider_rune_water, hangedman_spider_mandibles, guppyfry_spider_mini_1
Slime:2:  basic_altar
Slime:4:  nicolae_slime_round_cave
Orc:1:    uniq_harold
Orc:2:    serial_shops, nicolae_shop_window_shopping, nicolae_shop_crystal,
          mines5_lemuel, uniq_fannar, uniq_maud
Orc:3:    serial_shops, nicolae_shop_temple_entry_statues_fountains,
          nicolae_orc_pool_cavern
Orc:4:    grunt_orc_tribal_feast, serial_shops, shop, basic_altar,
          david_defended_altar_orc, uniq_donald
Vaults:1: hangedman_vaults_stretched_pinwheel, hangedman_vaults_variations,
          nicolae_vaults_hallways_thing, nicolae_vaults_three_branches,
          v_misc_30, vaults_dpeg_hooks
Vaults:2: v_misc_23, vaults_room_grid, ontoclasm_vaults_ligature,
          hangedman_vaults_hard_town_square, nicolae_vaults_ring_of_whatevers,
          vaults_dpeg_ring, v_pattern_1, vaults_mumra_minichess,
          ontoclasm_vaults_decontamination, v_alt_pattern_2, v_misc_26,
          nicolae_vaults_border_crossing, vaults_room_hallway,
          vaults_mumra_chevron, hangedman_vaults_trim
Vaults:3: minmay_crypt_entry_simple_sparse, nicolae_vaults_big_ls,
          vaults_dpeg_spiral, ontoclasm_vaults_misaligned,
          vaults_room_door_hall, v_misc_5,
          vaults_standard_mumra_enter_the_diamond, v_rooms_4,
          hangedman_vaults_snaps, v_misc_22, vaults_dpeg_encased_lava,
          nicolae_vaults_theta
Vaults:4: nicolae_vaults_mini_display_case, st_star,
          ontoclasm_vaults_claustrophobia, v_pattern_2, vaults_room_semicircle,
          ontoclasm_vaults_ring_square, hangedman_vaults_stream,
          ontoclasm_vaults_twist, nicolae_vaults_yaktaur_gun_rack,
          hangedman_vaults_trim, nicolae_vaults_sealed_display, v_misc_8,
          grunt_vaults_hallway_long, nicolae_vaults_little_squares_2,
          serial_shops, shop
Crypt:1:  uniq_mara
Crypt:2:  serial_corexii_hall, corexii_hall_statues_s, corexii_hall_statues_l,
          hex_intersection, weyrava_lich_vault
Crypt:3:  grunt_crypt_end_deaths_head, uniq_khufu
Depths:1: enter_ziggurat_a, hell_entry, abyss_entry_crystal,
          hangedman_decor_clover_reticule, hallowed_hall, uniq_norris
Abyss:3:  guppyfry_abyss_exit_glass_guarded, hangedman_abyss_rune_macabre_mess
Abyss:4:  due_exit_kobolds, evilmike_abyss_rune_seething_chaos
Zig:4:    ziggurat_pillar_centre_c
Zig:6:    ziggurat_pillar_centre_oklobs
Lab:      nicolae_lab_x, nicolae_lab_dead_end, nicolae_lab_checkerboard
IceCv:    ice_cave_caverns_01
Volcano:  volcano_grotto

Action                   |  1- 3 |  4- 6 |  7- 9 | 10-12 | 13-15 | 16-18 | 19-21 | 22-24 || total
-------------------------+-------+-------+-------+-------+-------+-------+-------+-------++-------
Melee: Short sword       |    14 |       |       |       |       |       |       |       ||    14
       Unarmed           |     1 |       |       |       |       |       |       |       ||     1
       Halberd           |       |       |   156 |   861 |    85 |       |       |       ||  1102
       Glaive            |       |       |       |       |  1636 |  1457 |  1872 |  1632 ||  6597
       Staff             |       |       |       |       |       |     8 |       |       ||     8
 Fire: Hunting sling     |    22 |    47 |    22 |       |       |       |       |       ||    91
       Blowgun           |       |       |    33 |    40 |    13 |       |       |       ||    86
Throw: Javelin           |       |       |       |     7 |     6 |    36 |    15 |     9 ||    73
       Throwing net      |       |       |       |     1 |       |       |     2 |     2 ||     5
 Cast: Freeze            |    37 |    20 |    85 |    20 |    41 |     2 |       |       ||   205
       Ozocubu's Armour  |       |       |    12 |    51 |    70 |    64 |    63 |    67 ||   327
       Summon Ice Beast  |       |       |       |    22 |    63 |    27 |    34 |     5 ||   151
       Condensation Shie |       |       |       |     1 |     8 |     7 |     8 |    32 ||    56
       Regeneration      |       |       |       |       |     1 |    13 |    30 |   113 ||   157
       Freezing Cloud    |       |       |       |       |       |     5 |    12 |     2 ||    19
       Animate Skeleton  |       |       |       |       |       |       |    25 |    15 ||    40
       Apportation       |       |       |       |       |       |       |    28 |    49 ||    77
       Passage of Golubr |       |       |       |       |       |       |       |    14 ||    14
       Summon Butterflie |       |       |       |       |       |       |       |     1 ||     1
       Blink             |       |       |       |       |       |       |       |     1 ||     1
Invok: Lesser Servant of |       |       |       |     4 |    14 |    12 |    10 |     3 ||    43
       Major Destruction |       |       |       |     2 |       |       |       |       ||     2
       Greater Servant o |       |       |       |       |       |     1 |     3 |     2 ||     6
Evoke: Wand              |       |       |     2 |     6 |     4 |     1 |    10 |    14 ||    37
       Phial of floods   |       |       |       |       |       |     3 |     6 |     5 ||    14
       Lamp of fire      |       |       |       |       |       |     3 |     5 |     4 ||    12
       Phantom mirror    |       |       |       |       |       |     1 |     1 |       ||     2
       Deck              |       |       |       |       |       |       |     2 |     1 ||     3
  Use: Scroll            |     1 |       |     7 |     6 |    21 |    17 |    10 |     9 ||    71
       Potion            |       |       |       |     1 |     3 |     9 |     8 |     3 ||    24
 Stab: Sleeping          |     7 |       |    10 |    13 |    27 |    18 |    14 |    14 ||   103
       Paralysed         |       |       |     3 |       |       |       |       |       ||     3
       Distracted        |       |       |       |     6 |    12 |    12 |    31 |    10 ||    71
       Invisible         |       |       |       |       |     3 |     6 |       |       ||     9
       Held in net/web   |       |       |       |       |       |       |     2 |       ||     2
  Eat: Chunk             |       |     2 |     6 |    23 |     9 |     4 |     6 |    16 ||    66
       Royal jelly       |       |       |     1 |       |       |     5 |     5 |     4 ||    15
       Meat ration       |       |       |       |     1 |     6 |     3 |     2 |     2 ||    14
       Pizza             |       |       |       |       |     2 |     2 |     1 |       ||     5
       Beef jerky        |       |       |       |       |     4 |     1 |     1 |     2 ||     8
       Fruit             |       |       |       |       |       |       |     2 |     1 ||     3
       Bread ration      |       |       |       |       |       |       |       |     1 ||     1

Vault maps used:
D:1:      mrwooster_arrival_statue
D:2:      dk_noncrumbling_3, kennysheep_flooded_box, minmay_shallow_snake_nest
D:3:      overflow_temple_1_default, fedhas_altar_2, first_bread, uniq_jessica,
          uniq_grinder
D:4:      marbit_many_paths, serial_shops, nicolae_shop_waterfront,
          nicolae_shop_window_shopping, shop_statue, patterned_corridor
D:5:      minmay_temple_entry_crystal_x, eino_small_chamber_without_monster,
          minivault_27, guppyfry_shop_venom, uniq_pikel
D:6:      kennysheep_mini, hangedman_decor_peaks_small
D:7:      uniq_prince_ribbit1, uniq_menkaure
D:8:      grunt_qazlal_sundering, lemuel_round_altar
D:9:      nicolae_ru_sacrificial_ziggurat, uniq_erica
D:10:     lair_0_dummy
D:11:     portal_ice_cave_entry_pillars_01
D:12:     hangedman_tree_tricks
D:13:     erik_vaults_1, kennysheep_opposing_triangles
D:14:     special_room, enter_bailey_7, lab_entry_generic
D:15:     gammafunk_depths_entry_grave,
          nicolae_gozag_cash_rules_everything_around_me, uniq_louise,
          uniq_azrael, uniq_sonja
Temple:   circular_temple_12
Lair:1:   nicolae_volcano_entry_two_sided, beast_lair_carwin_1, uniq_nergalle
Lair:2:   wad_woods_06, grunt_megastairs_3
Lair:3:   minmay_shoals_entry_centaurs, minivault_23,
          cheibrodos_lair_caveside_slide, serial_bayou_lagoon_a,
          infiniplex_staircase_pool
Lair:4:   dummy_spider_entry
Lair:5:   infiniplex_staircase_pool_2, uniq_rupert
Lair:6:   slime_dummy, st_stairs_11, serial_bayou_lake_a, serial_bayou_shore_b,
          grunt_megastairs_5
Lair:7:   uniq_nessos
Lair:8:   guppyfry_lair_end_dragon, hangedman_lair_in_review, lemuel_fruit_tree
Shoals:2: uniq_frances
Shoals:3: uniq_polyphemus
Shoals:4: shoals_end_simple, shoals_ilsuiw_ice, nicolae_shoals_circle_sea_wall
Spider:1: spiders_nest_a, hangedman_spider_tarantella_strand
Spider:3: spider_trap
Spider:4: spider_rune_water, hangedman_spider_mandibles, guppyfry_spider_mini_1
Slime:2:  basic_altar
Slime:4:  nicolae_slime_round_cave
Orc:1:    uniq_harold
Orc:2:    serial_shops, nicolae_shop_window_shopping, nicolae_shop_crystal,
          mines5_lemuel, uniq_fannar, uniq_maud
Orc:3:    serial_shops, nicolae_shop_temple_entry_statues_fountains,
          nicolae_orc_pool_cavern
Orc:4:    grunt_orc_tribal_feast, serial_shops, shop, basic_altar,
          david_defended_altar_orc, uniq_donald
Vaults:1: hangedman_vaults_stretched_pinwheel, hangedman_vaults_variations,
          nicolae_vaults_hallways_thing, nicolae_vaults_three_branches,
          v_misc_30, vaults_dpeg_hooks
Vaults:2: v_misc_23, vaults_room_grid, ontoclasm_vaults_ligature,
          hangedman_vaults_hard_town_square, nicolae_vaults_ring_of_whatevers,
          vaults_dpeg_ring, v_pattern_1, vaults_mumra_minichess,
          ontoclasm_vaults_decontamination, v_alt_pattern_2, v_misc_26,
          nicolae_vaults_border_crossing, vaults_room_hallway,
          vaults_mumra_chevron, hangedman_vaults_trim
Vaults:3: minmay_crypt_entry_simple_sparse, nicolae_vaults_big_ls,
          vaults_dpeg_spiral, ontoclasm_vaults_misaligned,
          vaults_room_door_hall, v_misc_5,
          vaults_standard_mumra_enter_the_diamond, v_rooms_4,
          hangedman_vaults_snaps, v_misc_22, vaults_dpeg_encased_lava,
          nicolae_vaults_theta
Vaults:4: nicolae_vaults_mini_display_case, st_star,
          ontoclasm_vaults_claustrophobia, v_pattern_2, vaults_room_semicircle,
          ontoclasm_vaults_ring_square, hangedman_vaults_stream,
          ontoclasm_vaults_twist, nicolae_vaults_yaktaur_gun_rack,
          hangedman_vaults_trim, nicolae_vaults_sealed_display, v_misc_8,
          grunt_vaults_hallway_long, nicolae_vaults_little_squares_2,
          serial_shops, shop
Crypt:1:  uniq_mara
Crypt:2:  serial_corexii_hall, corexii_hall_statues_s, corexii_hall_statues_l,
          hex_intersection, weyrava_lich_vault
Crypt:3:  grunt_crypt_end_deaths_head, uniq_khufu
Depths:1: enter_ziggurat_a, hell_entry, abyss_entry_crystal,
          hangedman_decor_clover_reticule, hallowed_hall, uniq_norris
Abyss:3:  guppyfry_abyss_exit_glass_guarded, hangedman_abyss_rune_macabre_mess
Abyss:4:  due_exit_kobolds, evilmike_abyss_rune_seething_chaos
Zig:4:    ziggurat_pillar_centre_c
Zig:6:    ziggurat_pillar_centre_oklobs
Lab:      nicolae_lab_x, nicolae_lab_dead_end, nicolae_lab_checkerboard
IceCv:    ice_cave_caverns_01
Volcano:  volcano_grotto

Table legend:
 A = Turns spent in this place as a percentage of turns spent in the entire game.
 B = Non-inter-level travel turns spent in this place as a percentage of non-inter-level travel turns spent in the entire game.
 C = Inter-level travel turns spent in this place as a percentage of turns spent in this place.
 D = Turns resting spent in this place as a percentage of non-inter-level travel turns spent in this place.
 E = Turns spent auto-exploring this place as a percentage of non-inter-level travel turns spent in this place.
 F = Non-inter-level travel turns spent in this place divided by the number of levels of this place that you've seen.
                   A       B       C       D       E      F
               +-------+-------+-------+-------+-------+----------------------
         Total | 100.0 | 100.0 |   0.2 |   0.2 |   0.0 | 426.7
       Dungeon |  21.9 |  21.8 |   0.5 |   0.2 |   0.0 | 416.2
        Temple |   0.2 |   0.2 |   1.4 |   0.0 |   0.0 |  69.0
          Lair |   9.2 |   9.2 |   0.2 |   0.3 |   0.0 | 330.4
        Shoals |   2.6 |   2.6 |   0.3 |   0.0 |   0.0 | 184.5
   Spider Nest |   4.0 |   4.0 |   0.0 |   0.3 |   0.0 | 288.2
    Slime Pits |   6.3 |   6.3 |   0.2 |   0.0 |   0.0 | 301.2
  Orcish Mines |   6.3 |   6.3 |   0.4 |   0.1 |   0.0 | 449.0
        Vaults |  14.1 |  14.1 |   0.2 |   0.4 |   0.0 | 804.6
         Crypt |   9.0 |   9.0 |   0.0 |   0.2 |   0.1 | 862.3
          Tomb |  14.1 |  14.2 |   0.1 |   0.2 |   0.0 | 1349.0
        Depths |   0.8 |   0.8 |   0.0 |   0.0 |   0.0 | 216.0
         Abyss |   2.3 |   2.3 |   0.0 |   0.3 |   0.0 | 163.8
      Ziggurat |   0.8 |   0.8 |   0.0 |   0.0 |   0.0 |  40.5
     Labyrinth |   1.2 |   1.2 |   0.0 |   0.0 |   0.0 | 352.0
      Ice Cave |   6.5 |   6.5 |   0.0 |   0.1 |   0.0 | 1872.0
       Volcano |   0.5 |   0.5 |   0.0 |   0.0 |   0.0 | 147.0
               +-------+-------+-------+-------+-------+----------------------
